 Dungeon Crawl Stone Soup version 0.27.1-4-g1640c2035a (webtiles) character file.

Game seed: 10092488494114254093

1044 Crownlay the Cudgeller (level 8, -5/111 HPs)
             Began as a Troll Berserker on Nov 6, 2021.
             Was a Believer of Trog.
             Killed by divine providence
             ... invoked by an orc priest
              (11 damage)
             ... on level 5 of the Dungeon.
             The game lasted 00:11:04 (4441 turns).

Crownlay the Cudgeller (Troll Berserker)            Turns: 4441, Time: 00:11:05

Health: -5/111     AC:  4    Str: 32    XL:     8   Next: 4%
Magic:  7/7        EV: 10    Int:  3    God:    Trog [**....]
Gold:   249        SH:  0    Dex:  9    Spells: 7/7 levels left

rFire    . . .     SeeInvis .   a - +0 mace
rCold    . . .     Faith    .   (no shield)
rNeg     + . .     Spirit   .   t - +0 robe of Cughohu {Rampage Str+4 Archmagi}
rPois    .         Reflect  .   (helmet restricted)
rElec    .         Harm     .   (no cloak)
rCorr    .         Rampage  +   (gloves unavailable)
Will     ++...     Archmagi +   (boots unavailable)
Stlth    ..........             (no amulet)
HPRegen  2.28/turn              q - ring of positive energy
MPRegen  0.10/turn              (no ring)

@: berserking, strong-willed, regenerating, very quick
A: large, unfitting armour, claws 3, regeneration 1, shaggy fur 1, tough skin 1
a: Renounce Religion, Berserk, Trog's Hand


You were on level 5 of the Dungeon.
You worshipped Trog.
Trog was pleased with you.
You visited 1 branch of the dungeon, and saw 5 of its levels.

You collected 249 gold pieces.

Inventory:

Hand Weapons
 a - a +0 mace (weapon)
Armour
 t - the +0 robe of Cughohu (worn) {Rampage Str+4 Archmagi}
   (You found it on level 5 of the Dungeon)

   Str:       It affects your strength (+4).
   Rampage:   It bestows one free step when moving towards enemies.
   Archmagi:  It increases the power of your magical spells.
Jewellery
 q - a ring of positive energy (left claw)
Wands
 k - a wand of flame (20)
Scrolls
 c - a scroll of enchant armour {unknown}
 e - a scroll of magic mapping {unknown}
 f - 2 scrolls of enchant weapon {unknown}
 h - a scroll of noise {unknown}
 j - a scroll of identify
 n - 2 scrolls of fear
 o - 2 scrolls of teleportation
 p - a scroll of amnesia {unknown}
Potions
 b - a potion of might {unknown}
 d - a potion of curing {unknown}
 g - 2 potions of attraction {unknown}
 i - 2 potions of mutation {unknown}
 l - a potion of lignification {unknown}
 m - a potion of resistance {unknown}
 r - 2 potions of degeneration {unknown}
 s - a potion of magic {unknown}
 u - a potion of invisibility {unknown}


   Skills:
 - Level 2.4 Fighting
 * Level 7.5 Maces & Flails
 + Level 4.7 Throwing
 - Level 2.4 Dodging


You had 7 spell levels left.
You didn't know any spells.
Your spell library was empty.

Dungeon Overview and Level Annotations

Branches:
Dungeon (5/15)
 Temple: D:4-7

Altars:
Ru

Annotations:
D:3 3 runed translucent doors, diceflayer's ghost, amateur MiFi; mabla's ghost, amateur GrEE


Innate Abilities, Weirdness & Mutations

You are too large for most types of armour.
You have claws for hands.
Your natural rate of healing is unusually fast.
You are covered in fur. (AC +1)
You have tough skin. (AC +1)


Message History

Beogh smites you! The orc hits you with a +0 short sword.
The ice beast closely misses you.
You are too injured to fight recklessly!
Your skin crawls.
You feel strong-willed. The ice beast hits you. The ice beast freezes you!
The orc hits you from afar with a +0 trident.
You are too injured to fight recklessly!
You are too injured to fight recklessly!
You barely miss the ice beast.
The ice beast is moderately wounded.
The ice beast hits you. The ice beast freezes you!
* * * LOW HITPOINT WARNING * * *
The orc closely misses you.
You hit the ice beast but do no damage.
The ice beast is moderately wounded.
The ice beast misses you.
The orc hits you from afar with a +0 trident!
* * * LOW HITPOINT WARNING * * *
The orc priest invokes the aid of Beogh against you.
Beogh smites you!
* * * LOW HITPOINT WARNING * * *
A red film seems to cover your vision as you go berserk!
You feel yourself moving faster!
You feel mighty! The ice beast barely misses you.
The orc hits you but does no damage.
You sock the ice beast!
The ice beast is almost dead.
The ice beast hits you but does no damage.
You closely miss the ice beast.
The ice beast is almost dead.
The orc barely misses you. The ice beast hits you.
* * * LOW HITPOINT WARNING * * *
The ice beast freezes you!
* * * LOW HITPOINT WARNING * * *
You sock the ice beast!
You kill the ice beast!
Trog accepts your kill.
The orc priest invokes the aid of Beogh against you.
Beogh smites you!
You die...

#####......##.#######
.....................<..
#############.#######..#
#.# #..# #.# #..# #.#
#.. #.# #.#
#.#######$########.##
#...@.ooo............
#########....)..(..##
#.########## #.# ###


You could see an orc priest and 2 orcs.

Vanquished Creatures
  Sigmund (D:2)
  2 ice beasts (D:5)
  An ogre (D:4)
  2 phantoms (D:5)
  A scorpion (D:4)
  A water moccasin zombie (D:4)
  A centaur zombie (D:4)
  A bullfrog skeleton (D:2)
  A jelly (D:5)
  A centaur skeleton (D:4)
  3 iguanas
  2 hound zombies
  2 hound skeletons
  A howler monkey zombie (D:4)
  5 gnolls
  5 adders
  A howler monkey skeleton (D:4)
  4 adder zombies (D:4)
  2 adder skeletons (D:4)
  2 worms (D:2)
  3 dart slugs
  An orc (D:5)
  4 endoplasms
  2 giant cockroaches (D:1)
  4 goblins
  3 hobgoblins
  4 jackals (D:2)
  4 quokkas
  4 ball pythons
  4 bats
  2 frilled lizards
  A jackal zombie (D:4)
  3 kobolds
  9 rats
87 creatures vanquished.

Vanquished Creatures (others)
  3 withered plants (D:3)
3 creatures vanquished.

Grand Total: 90 creatures vanquished

Notes
Turn   | Place    | Note
-------+----------+-------------------------------------------
     0 | D:1      | Crownlay the Troll Berserker began the quest for the Orb.
     0 | D:1      | Reached XP level 1. HP: 22/22 MP: 0/0
    87 | D:1      | Found a faded altar of an unknown god.
   122 | D:1      | Reached skill level 3 in Maces & Flails
   169 | D:1      | Reached XP level 2. HP: 29/29 MP: 1/1
   486 | D:1      | Reached skill level 1 in Throwing
   641 | D:1      | Reached XP level 3. HP: 20/36 MP: 2/2
  1177 | D:2      | Reached ** piety under Trog
  1216 | D:2      | Reached skill level 4 in Maces & Flails
  1297 | D:2      | Noticed Sigmund
  1309 | D:2      | Reached XP level 4. HP: 44/44 MP: 3/3
  1321 | D:2      | Killed Sigmund
  1322 | D:2      | Reached skill level 5 in Maces & Flails
  1322 | D:2      | Reached XP level 5. HP: 44/50 MP: 4/4
  1501 | D:2      | Reached XP level 6. HP: 57/59 MP: 5/5
  2136 | D:3      | Found a sacrificial altar of Ru.
  2261 | D:3      | Found a runed translucent gate.
  2262 | D:3      | Found a runed translucent gate.
  2263 | D:3      | Found a runed translucent gate.
  2548 | D:3      | Noticed diceflayer's ghost (amateur MiFi)
  2548 | D:3      | Noticed mabla's ghost (amateur GrEE)
  3050 | D:4      | Reached skill level 6 in Maces & Flails
  3079 | D:4      | Reached XP level 7. HP: 63/66 MP: 6/6
  3814 | D:5      | Entered Level 5 of the Dungeon
  4072 | D:5      | Reached skill level 7 in Maces & Flails
  4189 | D:5      | Identified the +0 robe of Cughohu {Rampage Str+4 Archmagi}
  4263 | D:5      | Reached XP level 8. HP: 63/74 MP: 7/7
  4266 | D:5      | Reached *** piety under Trog
  4440 | D:5      | HP: 4/111 [ice beast (13)]
  4441 | D:5      | Killed from afar by an orc priest

Illustrated notes

Levels and vault maps discovered:
D:1:      kennysheep_arrival_seaside, layout_loops_cross,
          hellmonk_ecumenical_altar_crossroads
D:2:      layout_basic, uniq_sigmund
D:3:      layout_basic, mainiacjoe_overflow_alcove_2, gammafunk_ghost_cemetery,
          corexii_item_surrounded_by_moat, hangedman_abyss_or_decor_stabs
D:4:      layout_layer_cave, serial_undead, serial_undead_e, serial_undead_f,
          serial_undead_f, serial_undead_e, serial_undead_e, serial_undead_c,
          serial_undead_c
D:5:      minmay_opposing_rooms, layout_basic

Skill      XL: |  1  2  3  4  5  6  7 |
---------------+----------------------+-----
Maces & Flails | 3 4 5 6 7 |  7.5
Throwing       | 1 2 3 4 |  4.7
Fighting       | |  2.4
Dodging        | |  2.4

Action                   |  1- 3 |  4- 6 |  7- 9 || total
-------------------------+-------+-------+-------++-------
Melee: Mace              |   122 |   152 |   115 ||   389
Throw: Throwing net      |       |     1 |       ||     1
Invok: Berserk           |     2 |     1 |     2 ||     5
       Trog's Hand       |     1 |       |     2 ||     3
  Use: Scroll            |       |       |     2 ||     2
 Stab: Sleeping          |     1 |       |     1 ||     2
Armor: Animal skin       |    51 |    70 |    25 ||   146
       Robe              |       |       |    11 ||    11
Dodge: Dodged            |    77 |   116 |    61 ||   254
